 Dungeon Crawl Stone Soup version 0.19-a0-1964-g154eb2c (webtiles) character file.

526951 wizmode the Conqueror (level 27, 323/323 HPs) *WIZ*
             Began as an Ogre Skald on Oct 14, 2016.
             Quit the game on level 2 of the Dungeon on Nov 20, 2016.
             The game lasted 00:23:10 (146 turns).

wizmode the Conqueror (Ogre Skald)                   Turns: 146, Time: 00:23:10

Health: 323/323    AC: 16    Str: 25    XL:     27
Magic:  26/26      EV: 14    Int: 19    God:    No God 0 (0)
Gold:   12         SH:  0    Dex: 13    Spells: 1 memorised, 29 levels left

rFire  . . .     SeeInvis .     e - +9 eveningstar (freeze)
rCold  . . .     Gourm    .     f - +0 swamp dragon scales
rNeg   + . .     Faith    .     (no shield)
rPois  +         Spirit   .     k - +2 hat
rElec  .         Reflect  .     l - +2 ratskin cloak {rPois rN+ Int-1 Dex-1}
rCorr  .         Harm     .     (gloves unavailable)
MR     ++...                    (boots unavailable)
Stlth  +.........               (no amulet)
                                (no ring)
                                (no ring)

@: very slightly contaminated, invisible
A: unfitting armour, tough skin 1
a: no special abilities


You were on level 2 of the Dungeon.
You were not hungry.

You visited 1 branch of the dungeon, and saw 3 of its levels.

You collected 12 gold pieces.

Inventory:

Hand Weapons
 a - a +2 demon whip of draining
 e - a +9 eveningstar of freezing (weapon)
 h - a +5 giant spiked club of venom
 p - the +10 morningstar "Eos" {elec, Halo rElec} (Your wizardly powers created it on level 2 of the Dungeon) Occasionally, upon striking a foe, it will discharge some electrical energy and cause terrible harm. It insulates you from electricity.
Armour
 b - a +0 robe
 f - +0 swamp dragon scales (worn)
 k - a +2 hat (worn)
 l - the +2 ratskin cloak (worn) {rPois rN+ Int-1 Dex-1} (Your wizardly powers created it on level 2 of the Dungeon) It affects your intelligence (-1). It affects your dexterity (-1). It protects you from poison. It protects you from negative energy.
 m - a +2 shield of reflection
Scrolls
 g - 11 scrolls of enchant armour
Potions
 n - a potion of flight {unknown}
 o - 11 potions of invisibility
Books
 c - a book of Battle

   Spells                             Type                      Level
   a - Infusion                       Charms                       1
   b - Shroud of Golubria             Charms/Translocation         2
   c - Song of Slaying                Charms                       2
   d - Spectral Weapon                Hexes/Charms                 3
   e - Regeneration                   Charms/Necromancy            3
Comestibles
 d - 2 bread rations


   Skills:
 O Level 27 Fighting
 + Level 24.0 Maces & Flails
 - Level 10.0 Armour
 - Level 10.0 Dodging
 - Level 15.0 Shields
 - Level 2.4 Spellcasting
 - Level 2.1 Charms
   Level 8.0 Necromancy


You had 29 spell levels left.
You knew the following spells:

 Your Spells              Type           Power        Failure   Level  Hunger
a - Infusion              Chrm           10 (25)      12%         1    5


Dungeon Overview and Level Annotations

Branches:
Dungeon (3/15)

Altars:


Innate Abilities, Weirdness & Mutations

You are too large for most types of armour.
You have tough skin. (AC +1)


Message History

Enter Wizard Command (? - help): ) - weapons ( - missiles [ - armour / - wands ? - scrolls = - jewellery ! - potions : - books | - staves \ - rods } - miscellany X - corpses % - food $ - gold 0 - the Orb ESC - exit What class of item?
Okay, then.
Unknown command.
Enter Wizard Command (? - help): Enter monster name (or MONS spec): AvHitDam | MaxDam | Accuracy | AvDam | AvTime | AvSpeed | AvEffDam Attacking: 17.9 | 90 | 60% | 10.9 | 70 | 1.43 | 15.6 Defending: 0.0 | 0 | 0% | 0.0 | 66 | 1.52 | 0.0 Enter Wizard Command (? - help):
Okay, then.
Saving game... please wait.
Welcome back, wizmode the Ogre Skald.
Press ? for a list of commands and other information.
Quiver which item? (- for none, * to show all) (? for menu, Esc to quit)
Okay, then.
Are you sure you want to abandon this character and quit the game? (Confirm with "yes".)

#...###### #...#
#.#..# ..##..# ###
#..# #..##########
#....).......
#######..########..
#..<...@..#####
#.#####†......#
#†#...... #$#####.#
#.# # #.# ..# ..#
..#


There were no monsters in sight!

Vanquished Creatures
  A goblin (D:1)
  A hobgoblin (D:1)
  4 jackals (D:2)
6 creatures vanquished.

Notes
Turn   | Place    | Note
-------+----------+-------------------------------------------
     0 | D:1      | wizmode the Ogre Skald began the quest for the Orb.
     0 | D:1      | Reached XP level 1. HP: 22/22 MP: 3/3
     0 | D:1      | Entered wizard mode.
     2 | D:1      | Reached XP level 2. HP: 29/29 MP: 5/5
     2 | D:1      | Reached XP level 3. HP: 36/36 MP: 6/6
     2 | D:1      | Reached XP level 4. HP: 44/44 MP: 7/7
     2 | D:1      | Reached XP level 5. HP: 50/50 MP: 8/8
     2 | D:1      | Reached XP level 6. HP: 59/59 MP: 9/9
     2 | D:1      | Reached XP level 7. HP: 66/66 MP: 10/10
     2 | D:1      | Reached XP level 8. HP: 74/74 MP: 11/11
     2 | D:1      | Reached XP level 9. HP: 80/80 MP: 12/12
     2 | D:1      | Reached XP level 10. HP: 88/88 MP: 13/13
     2 | D:1      | Reached XP level 11. HP: 96/96 MP: 14/14
     2 | D:1      | Reached XP level 12. HP: 104/104 MP: 15/15
     2 | D:1      | Reached XP level 13. HP: 110/110 MP: 16/16
     2 | D:1      | Reached XP level 14. HP: 118/118 MP: 17/17
   112 | D:2      | Noticed the 27-headed Lernaean hydra
   112 | D:2      | Noticed the 27-headed Lernaean hydra
   112 | D:2      | Noticed the 27-headed Lernaean hydra
   112 | D:2      | Noticed the 27-headed Lernaean hydra
   112 | D:2      | Noticed the 27-headed Lernaean hydra
   112 | D:2      | Noticed the 27-headed Lernaean hydra
   112 | D:2      | Noticed the 27-headed Lernaean hydra
   112 | D:2      | Noticed the 27-headed Lernaean hydra
   112 | D:2      | Noticed the 27-headed Lernaean hydra
   112 | D:2      | Noticed the 27-headed Lernaean hydra
   112 | D:2      | Noticed the 27-headed Lernaean hydra
   112 | D:2      | Noticed the 27-headed Lernaean hydra
   112 | D:2      | Noticed the 27-headed Lernaean hydra
   112 | D:2      | Noticed the 27-headed Lernaean hydra
   112 | D:2      | Noticed the 27-headed Lernaean hydra
   112 | D:2      | Noticed the 27-headed Lernaean hydra
   112 | D:2      | Noticed the 27-headed Lernaean hydra
   112 | D:2      | Noticed the 27-headed Lernaean hydra
   112 | D:2      | Noticed the 27-headed Lernaean hydra
   112 | D:2      | Noticed the 27-headed Lernaean hydra
   112 | D:2      | Noticed the 27-headed Lernaean hydra
   112 | D:2      | Noticed the 27-headed Lernaean hydra
   112 | D:2      | Noticed the 27-headed Lernaean hydra
   112 | D:2      | Noticed the 27-headed Lernaean hydra
   112 | D:2      | Noticed the 27-headed Lernaean hydra
   112 | D:2      | Noticed the 27-headed Lernaean hydra
   112 | D:2      | Noticed the 27-headed Lernaean hydra
   112 | D:2      | Noticed the 27-headed Lernaean hydra
   112 | D:2      | Noticed the 27-headed Lernaean hydra
   112 | D:2      | Noticed the 27-headed Lernaean hydra
   112 | D:2      | Noticed the 27-headed Lernaean hydra
   112 | D:2      | Noticed the 27-headed Lernaean hydra
   112 | D:2      | Noticed the 27-headed Lernaean hydra
   112 | D:2      | Noticed the 27-headed Lernaean hydra
   112 | D:2      | Noticed the 27-headed Lernaean hydra
   112 | D:2      | Noticed the 27-headed Lernaean hydra
   112 | D:2      | Noticed the 27-headed Lernaean hydra
   112 | D:2      | Noticed the 27-headed Lernaean hydra
   112 | D:2      | Noticed the 27-headed Lernaean hydra
   112 | D:2      | Noticed the 27-headed Lernaean hydra
   112 | D:2      | Noticed the 27-headed Lernaean hydra
   112 | D:2      | Noticed the 27-headed Lernaean hydra
   112 | D:2      | Noticed the 27-headed Lernaean hydra
   112 | D:2      | Noticed the 27-headed Lernaean hydra
   112 | D:2      | Noticed the 27-headed Lernaean hydra
   112 | D:2      | Noticed the 27-headed Lernaean hydra
   112 | D:2      | Noticed the 27-headed Lernaean hydra
   112 | D:2      | Noticed the 27-headed Lernaean hydra
   112 | D:2      | Noticed the 27-headed Lernaean hydra
   112 | D:2      | Noticed the 27-headed Lernaean hydra
   112 | D:2      | Noticed the 27-headed Lernaean hydra
   112 | D:2      | Noticed the 27-headed Lernaean hydra
   112 | D:2      | Noticed the 27-headed Lernaean hydra
   112 | D:2      | Noticed the 27-headed Lernaean hydra
   112 | D:2      | Noticed the 27-headed Lernaean hydra
   112 | D:2      | Noticed the 27-headed Lernaean hydra
   112 | D:2      | Noticed the 27-headed Lernaean hydra
   112 | D:2      | Noticed the 27-headed Lernaean hydra
   112 | D:2      | Noticed the 27-headed Lernaean hydra
   112 | D:2      | Noticed the 27-headed Lernaean hydra
   112 | D:2      | Noticed the 27-headed Lernaean hydra
   112 | D:2      | Noticed the 27-headed Lernaean hydra
   112 | D:2      | Noticed the 27-headed Lernaean hydra
   112 | D:2      | Noticed the 27-headed Lernaean hydra
   112 | D:2      | Noticed the 27-headed Lernaean hydra
   112 | D:2      | Noticed the 27-headed Lernaean hydra
   112 | D:2      | Noticed the 27-headed Lernaean hydra
   112 | D:2      | Noticed the 27-headed Lernaean hydra
   112 | D:2      | Noticed the 27-headed Lernaean hydra
   112 | D:2      | Noticed the 27-headed Lernaean hydra
   112 | D:2      | Noticed the 27-headed Lernaean hydra
   112 | D:2      | Noticed the 27-headed Lernaean hydra
   112 | D:2      | Noticed the 27-headed Lernaean hydra
   112 | D:2      | Noticed the 27-headed Lernaean hydra
   112 | D:2      | Noticed the 27-headed Lernaean hydra
   112 | D:2      | Noticed the 27-headed Lernaean hydra
   112 | D:2      | Noticed the 27-headed Lernaean hydra
   112 | D:2      | Noticed the 27-headed Lernaean hydra
   112 | D:2      | Noticed the 27-headed Lernaean hydra
   112 | D:2      | Noticed the 27-headed Lernaean hydra
   112 | D:2      | Noticed the 27-headed Lernaean hydra
   112 | D:2      | Noticed the 27-headed Lernaean hydra
   112 | D:2      | Noticed the 27-headed Lernaean hydra
   112 | D:2      | Noticed the 27-headed Lernaean hydra
   112 | D:2      | Noticed the 27-headed Lernaean hydra
   112 | D:2      | Noticed the 27-headed Lernaean hydra
   112 | D:2      | Noticed the 27-headed Lernaean hydra
   112 | D:2      | Noticed the 27-headed Lernaean hydra
   114 | D:2      | Noticed a stone giant
   114 | D:2      | Noticed a stone giant
   114 | D:2      | Noticed a stone giant
   114 | D:2      | Noticed a stone giant
   114 | D:2      | Noticed a stone giant
   114 | D:2      | Noticed a stone giant
   114 | D:2      | Noticed a stone giant
   114 | D:2      | Noticed a stone giant
   114 | D:2      | Noticed a stone giant
   114 | D:2      | Noticed a stone giant
   114 | D:2      | Noticed a stone giant
   114 | D:2      | Noticed a stone giant
   114 | D:2      | Noticed a stone giant
   114 | D:2      | Noticed a stone giant
   114 | D:2      | Noticed a stone giant
   114 | D:2      | Noticed a stone giant
   114 | D:2      | Noticed a stone giant
   114 | D:2      | Noticed a stone giant
   114 | D:2      | Noticed a stone giant
   114 | D:2      | Noticed a stone giant
   114 | D:2      | Noticed a stone giant
   114 | D:2      | Noticed a stone giant
   114 | D:2      | Noticed a stone giant
   114 | D:2      | Noticed a stone giant
   114 | D:2      | Noticed a stone giant
   114 | D:2      | Noticed a stone giant
   114 | D:2      | Noticed a stone giant
   114 | D:2      | Noticed a stone giant
   114 | D:2      | Noticed a stone giant
   114 | D:2      | Noticed a stone giant
   114 | D:2      | Noticed a stone giant
   114 | D:2      | Noticed a stone giant
   114 | D:2      | Noticed a stone giant
   114 | D:2      | Noticed a stone giant
   114 | D:2      | Noticed a stone giant
   120 | D:2      | Noticed a stone giant
   120 | D:2      | Noticed a stone giant
   120 | D:2      | Noticed a stone giant
   120 | D:2      | Noticed a stone giant
   120 | D:2      | Noticed a stone giant
   120 | D:2      | Noticed a stone giant
   120 | D:2      | Noticed a stone giant
   120 | D:2      | Noticed a stone giant
   120 | D:2      | Noticed a stone giant
   120 | D:2      | Noticed a stone giant
   120 | D:2      | Noticed a stone giant
   120 | D:2      | Noticed a stone giant
   120 | D:2      | Noticed a stone giant
   120 | D:2      | Noticed a stone giant
   120 | D:2      | Noticed a stone giant
   120 | D:2      | Noticed a stone giant
   120 | D:2      | Noticed a stone giant
   120 | D:2      | Noticed a stone giant
   120 | D:2      | Noticed a stone giant
   120 | D:2      | Noticed a stone giant
   120 | D:2      | Noticed a stone giant
   120 | D:2      | Noticed a stone giant
   121 | D:2      | Noticed a stone giant
   121 | D:2      | Noticed a stone giant
   121 | D:2      | Noticed a stone giant
   121 | D:2      | Noticed a stone giant
   121 | D:2      | Noticed a stone giant
   121 | D:2      | Noticed a stone giant
   121 | D:2      | Noticed a stone giant
   121 | D:2      | Noticed a stone giant
   121 | D:2      | Noticed a stone giant
   121 | D:2      | Noticed a stone giant
   121 | D:2      | Noticed a stone giant
   121 | D:2      | Noticed a stone giant
   121 | D:2      | Noticed a stone giant
   121 | D:2      | Noticed a stone giant
   121 | D:2      | Noticed a stone giant
   121 | D:2      | Noticed a stone giant
   121 | D:2      | Noticed a stone giant
   121 | D:2      | Noticed a stone giant
   121 | D:2      | Noticed a stone giant
   121 | D:2      | Noticed a stone giant
   121 | D:2      | Noticed a stone giant
   121 | D:2      | Noticed a stone giant
   121 | D:2      | Noticed a stone giant
   121 | D:2      | Noticed a stone giant
   121 | D:2      | Noticed a stone giant
   121 | D:2      | Noticed a stone giant
   121 | D:2      | Noticed a stone giant
   121 | D:2      | Noticed a stone giant
   121 | D:2      | Noticed a stone giant
   121 | D:2      | Noticed a stone giant
   121 | D:2      | Noticed a stone giant
   121 | D:2      | Noticed a stone giant
   121 | D:2      | Noticed a stone giant
   121 | D:2      | Noticed a stone giant
   121 | D:2      | Noticed a stone giant
   121 | D:2      | Noticed a stone giant
   121 | D:2      | Noticed a stone giant
   121 | D:2      | Noticed a stone giant
   121 | D:2      | Noticed a stone giant
   121 | D:2      | Noticed a stone giant
   121 | D:2      | Noticed a stone giant
   121 | D:2      | Noticed a stone giant
   121 | D:2      | Noticed a stone giant
   121 | D:2      | Noticed a stone giant
   121 | D:2      | Noticed a stone giant
   121 | D:2      | Noticed a stone giant
   121 | D:2      | Noticed a stone giant
   121 | D:2      | Noticed a stone giant
   121 | D:2      | Noticed a stone giant
   137 | D:2      | Noticed a stone giant
   137 | D:2      | Noticed a stone giant
   137 | D:2      | Noticed a stone giant
   137 | D:2      | Noticed a stone giant
   137 | D:2      | Noticed a stone giant
   137 | D:2      | Noticed a stone giant
   137 | D:2      | Noticed a stone giant
   137 | D:2      | Noticed a stone giant
   137 | D:2      | Noticed a stone giant
   137 | D:2      | Noticed a stone giant
   137 | D:2      | Noticed a stone giant
   137 | D:2      | Noticed a stone giant
   137 | D:2      | Noticed a stone giant
   137 | D:2      | Noticed a stone giant
   137 | D:2      | Noticed a stone giant
   137 | D:2      | Noticed a stone giant
   137 | D:2      | Noticed a stone giant
   137 | D:2      | Reached XP level 15. HP: 163/163 MP: 18/18
   137 | D:2      | Reached XP level 16. HP: 172/172 MP: 19/19
   137 | D:2      | Reached XP level 17. HP: 180/180 MP: 20/20
   137 | D:2      | Reached XP level 18. HP: 189/189 MP: 21/21
   137 | D:2      | Reached XP level 19. HP: 197/197 MP: 22/22
   137 | D:2      | Reached XP level 20. HP: 206/206 MP: 23/23
   137 | D:2      | Reached XP level 21. HP: 214/214 MP: 24/24
   137 | D:2      | Reached XP level 22. HP: 223/223 MP: 25/25
   137 | D:2      | Reached XP level 23. HP: 231/231 MP: 26/26
   137 | D:2      | Reached XP level 24. HP: 240/240 MP: 26/26
   137 | D:2      | Reached XP level 25. HP: 248/248 MP: 26/26
   137 | D:2      | Reached XP level 26. HP: 257/257 MP: 26/26
   137 | D:2      | Reached XP level 27. HP: 265/265 MP: 26/26
   146 | D:2      | Upgraded the game from 0.19-a0-724-g04d1648 to 0.19-a0-1964-g154eb2c
   146 | D:2      | Quit the game

Vault maps used:
D:1:      evilmike_arrival_plus, minmay_cupped
D:2:      kiku_gazebo_pond_becter, lemuel_crystal_altar, ecumenical_altar_1,
          minmay_quantized
D:3:      gammafunk_temple_overflow_pools, mrwooster_statue_mirror,
          minmay_misc_feat_diagonals, tso_metal_star

Skill      XL: |  1 |
---------------+----+-----
Maces & Flails | 26 | 24.0
Fighting       | | 27.0
Armour         | | 10.0
Dodging        | | 10.0
Shields        | | 15.0
Spellcasting   | |  2.4
Charms         | |  2.1
Necromancy     | |  8.0

Action                   |  1- 3 |  4- 6 |  7- 9 | 10-12 | 13-15 | 16-18 | 19-21 | 22-24 | 25-27 || total
-------------------------+-------+-------+-------+-------+-------+-------+-------+-------+-------++-------
Melee: Eveningstar       |       |       |       |       | 32003 |       |       |       | 12000 || 44003
       Morningstar       |       |       |       |       | 24008 |       |       |       |  8000 || 32008
       Whip              |       |       |       |       |  4000 |       |       |       |       ||  4000
       Great mace        |       |       |       |       |  4000 |       |       |       |       ||  4000
       Demon whip        |       |       |       |       |  4000 |       |       |       |       ||  4000
       Giant spiked club |       |       |       |       |       |       |       |       |  4000 ||  4000
  Use: Scroll            |       |       |       |       |     2 |       |       |       |       ||     2
       Potion            |       |       |       |       |     1 |       |       |       |       ||     1
 Stab: Invisible         |       |       |       |       |  5023 |       |       |       |       ||  5023
Armor: Swamp dragon scal | | | | |107413 | | | | ||107413
       Robe              |       |       |       |       |     1 |       |       |       |       ||     1
Dodge: Dodged            |       |       |       |       | 80803 |       |       |       |       || 80803
Block: Shield            |       |       |       |       | 33174 |       |       |       |       || 33174
